AoeStats
← Chiqui Magia

Nomad

508878639Analyzed
4v4 RM · 8d ago on Sep 24, 2026· 41m 46s· 8 players
Game mode
Random Map
Map size
231×231
Population
200
Speed
Normal
Resources
Standard
Victory
Conquest
Starting age
Dark Age
Ending age
Imperial Age
RankedLock teamsTeams togetherTeam positionsShared explorationLock speedFull tech treeHidden civsTurbo modeCheats
Victory
Defeat
🇩🇪 Persians · Germany
1460
+18
🇨🇭 Dravidians · Switzerland
1436
+19
🇮🇹 Varangians · Italy
1427
+20
🇹🇼 Koreans · Taiwan
1367
+22
🇦🇷 Koreans · Argentina
1533
-21
🇦🇷 Persians · Argentina
1513
-20
🇦🇷 Dravidians · Argentina
1495
-19
🇦🇷 Wei · Argentina
1477
-19
GdR_Tuna
5:40 Loom
13:10 Feudal Age
13:51 Fishing Lines
15:27 Double-Bit Axe
19:57 Castle Age
21:08 Fletching
21:43 Bow Saw
24:25 Wheelbarrow
27:35 Squires
27:20 Gambesons
27:55 Gold Mining
28:40 Arson
29:12 Horse Collar
32:54 Imperial Age
31:18 Scale Mail Armor
32:41 Treadmill Crane
32:58 Elite Varangian Guard
35:20 Chain Mail Armor
34:53 Pikeman
37:17 Stone Mining
37:52 Gothikon
38:12 Halberdier
39:14 Hand Cart
38:44 Town Watch
39:38 Conscription
41:51 Plate Mail Armor
42:00 Forging
Sir Radzig
12:44 Feudal Age
13:38 Town Watch
17:04 Castle Age
14:51 Loom
15:21 Double-Bit Axe
17:05 Gold Mining
17:13 Fishing Lines
19:27 Scale Barding Armor
19:20 Horse Collar
21:07 Bow Saw
21:27 Chain Barding Armor
22:21 Forging
23:50 Bloodlines
23:49 Husbandry
26:09 Iron Casting
26:42 Wheelbarrow
29:59 Town Watch
30:24 Heavy Plow
31:09 Hand Cart
31:31 Gold Shaft Mining
35:54 Imperial Age
36:52 Plate Barding Armor
35:42 Cavalier
38:05 Blast Furnace
39:12 Savar
42:45 Two-Man Saw
鐵之貝克
4:00 Loom
14:11 Feudal Age
19:19 Castle Age
18:57 Stone Mining
18:55 Double-Bit Axe
20:07 Fletching
20:57 Bodkin Arrow
22:19 Ballistics
koebi
5:23 Loom
14:22 Feudal Age
15:21 Horse Collar
15:42 Fishing Lines
17:47 Double-Bit Axe
19:00 Fletching
22:57 Castle Age
28:39 Castle Age
29:38 Bow Saw
29:20 Gillnets
31:55 Horse Collar
32:46 Heavy Plow
32:38 Gold Mining
32:39 Stone Mining
34:29 Wheelbarrow
34:20 Bodkin Arrow
40:00 Imperial Age
38:42 Padded Archer Armor
38:44 Husbandry
40:10 Thumb Ring
40:40 Elite Elephant Archer
41:26 Thumb Ring
41:22 Bracer
42:42 Chemistry
Chiqui Magia
6:23 Loom
14:20 Feudal Age
18:58 Castle Age
17:42 Double-Bit Axe
19:44 Stone Mining
21:20 Horse Collar
24:17 Bow Saw
25:20 Scale Mail Armor
26:21 Wheelbarrow
25:42 Pikeman
26:23 Squires
28:23 Scale Barding Armor
28:30 Squires
29:16 Husbandry
29:27 Bloodlines
30:19 Tuntian
31:35 Town Watch
34:09 Chain Barding Armor
34:33 Hand Cart
36:27 Gold Mining
41:12 Imperial Age
38:57 Masonry
39:08 Forging
[TOX2] satho
5:42 Loom
13:15 Feudal Age
16:47 Castle Age
16:00 Fletching
19:38 Gold Mining
20:37 Horse Collar
20:43 Double-Bit Axe
21:18 Stone Mining
23:46 Wheelbarrow
25:28 Bow Saw
25:19 Heavy Plow
25:28 Heavy Plow
26:34 Bodkin Arrow
28:14 Ballistics
31:01 Forging
30:52 Scale Mail Armor
35:19 Imperial Age
34:13 Hand Cart
33:46 Town Watch
36:42 Bracer
39:01 Elite Fire Lancer
39:56 Chain Mail Armor
40:17 Iron Casting
[TOX2] A-c-Syno-666
7:08 Loom
13:44 Feudal Age
20:23 Castle Age
20:26 Fletching
21:17 Bodkin Arrow
26:30 Double-Bit Axe
32:20 Wheelbarrow
Fema
5:05 Loom
14:01 Feudal Age
14:36 Double-Bit Axe
17:37 Castle Age
18:31 Horse Collar
19:02 Bow Saw
22:55 Fletching
22:38 Pikeman
22:48 Crossbowman
24:06 Bodkin Arrow
24:03 Pikeman
Connection lost

Rejoining the realm…

Still unreachable

The connection could not be restored.

Session expired

The server has moved on; the page needs a fresh start.